 Dungeon Crawl Stone Soup version 0.29-a0-648-g6b26cc9f40 (webtiles) character file.

Game seed: 16124888717759956230

143 xian the Skirmisher (level 5, -10/33 HPs)
             Began as a Gargoyle Fighter on June 20, 2022.
             Was an Initiate of Wu Jian.
             Killed by divine providence
             ... invoked by an orc priest
              (17 damage)
             ... on level 3 of the Dungeon.
             The game lasted 00:06:48 (2826 turns).

xian the Skirmisher (Gargoyle Fighter)              Turns: 2826, Time: 00:06:48

Health: -10/33     AC: 11    Str: 21    XL:     5   Next: 25%
Magic:  5/5        EV:  9    Int:  9    God:    Wu Jian [......]
Gold:   91         SH:  4    Dex:  9    Spells: 4/4 levels left

rFire   . . .      SeeInvis .   a - +0 flail
rCold   . . .      Faith    .   c - +0 buckler
rNeg    + . .      Spirit   .   b - +0 scale mail
rPois   ∞          Reflect  .   (no helmet)
rElec   +          Harm     .   (no cloak)
rCorr   .          Rampage  .   (no gloves)
Will    +....                   (no boots)
Stlth   ..........              (no amulet)
HPRegen 0.11/turn               g - ring of willpower
MPRegen 0.09/turn               m - ring of wizardry

@: no status effects
A: sickness immunity, AC +4, negative energy resistance 1, electricity
resistance, torment resistance 1, petrification resistance
a: Renounce Religion


You were on level 3 of the Dungeon.
You worshipped Wu Jian.
Wu Jian was noncommittal.
You visited 1 branch of the dungeon, and saw 3 of its levels.

You collected 91 gold pieces.

Inventory:

Hand Weapons
 a - a +0 flail (weapon)
Armour
 b - a +0 scale mail (worn)
 c - a +0 buckler (worn)
Jewellery
 g - a ring of willpower (left hand)
 m - a ring of wizardry (right hand)
Scrolls
 e - a scroll of silence {unknown}
 h - a scroll of fear {unknown}
 k - a scroll of enchant weapon {unknown}
 l - 2 scrolls of teleportation {unknown}
 n - a scroll of vulnerability {unknown}
 o - a scroll of identify
 q - a scroll of immolation {unknown}
Potions
 d - 2 potions of might
 f - a potion of heal wounds
 i - a potion of cancellation
 j - a potion of ambrosia {unknown}
 p - a potion of lignification {unknown}


   Skills:
 + Level 4.2 Fighting
 + Level 3.2 Maces & Flails
 + Level 4.1 Armour
 + Level 0.5 Dodging
 + Level 4.0 Shields


You had 4 spell levels left.
You didn't know any spells.
Your spell library was empty.

Dungeon Overview and Level Annotations

Branches:
Dungeon (3/15)

Altars:
Cheibriados
Sif Muna
Wu Jian

Shops:
D:1 [

Annotations:
D:1 Amazing Shop


Innate Abilities, Weirdness & Mutations

You are immune to sickness and miasma.
Your stone body is resilient. (AC +4)
You are immune to poison.
You resist negative energy. (rN+)
You are resistant to electric shocks. (rElec)
You are resistant to unholy torment.
You are immune to petrification.


Message History

You sock the gnoll!
You kill the gnoll!
The Council accepts your kill.
Things that are here:
a +0 whip; a +0 halberd; a gnoll corpse
Things that are here:
a +0 spear; a gnoll corpse A kobold comes into view.
It is wielding a +0 dagger.
The kobold shouts!
You closely miss the kobold. The kobold barely misses you.
You hit the kobold.
The kobold is severely wounded.
The kobold hits you but does no damage. x2
You barely miss the kobold.
The kobold is severely wounded.
The kobold misses you.
You sock the kobold!
You kill the kobold!
The Council accepts your kill.
Things that are here:
a +0 dagger; 3 stones; a kobold corpse
q - a scroll labelled EPRAR BORE
Found a shimmering blue altar of Sif Muna.
An orc priest comes into view. It is wielding a +0 dagger.
The orc priest shouts!
A kobold comes into view. It is wielding a +0 dagger of flaming.
The kobold shouts!
The orc priest calls down the wrath of Beogh upon you.
Beogh smites you!
An orc comes into view. It is wielding a +0 short sword.
You hear a shout!
You hear a shout!
The orc priest mumbles some strange prayers to Beogh against you.
Beogh smites you!
* * * LOW HITPOINT WARNING * * *
Unknown command.
The orc priest calls down the wrath of Beogh upon you.
Beogh smites you!
Ouch! That really hurt!
You die...

#.# #.# ######## ###.##
#......# #....###
#.####.######)#....#
#............)##...#
#####.##..........##.._#
...##.##.#....<....#####
.........#..).##@#.#.._#
##.##.........#....#...#
##.##.#####...#..#.....#
##)##.. ............###
#
##)##########.#........#
... ...#
...#.##.#########...#
..##
.....#.##o#####........
#.#
.....#.##.K...oK........
#.# ...
##.########.....P._.


You could see an orc priest and a kobold.

Vanquished Creatures
  An orc wizard (D:3)
  3 gnolls (D:3)
  4 adders
  A worm (D:2)
  2 dart slugs (D:2)
  3 orcs (D:3)
  A ball python (D:1)
  A bat (D:2)
  3 endoplasms
  5 goblins
  7 hobgoblins
  A quokka (D:2)
  2 frilled lizards
  4 kobolds
  8 rats
46 creatures vanquished.

Notes
Turn   | Place    | Note
-------+----------+-------------------------------------------
     0 | D:1      | xian the Gargoyle Fighter began the quest for the Orb.
     0 | D:1      | Reached XP level 1. HP: 14/14 MP: 1/1
     8 | D:1      | Found a faded altar of an unknown god.
   320 | D:1      | Found Zolosi's Antique Armour Emporium.
   465 | D:1      | Reached XP level 2. HP: 10/19 MP: 2/2
   991 | D:2      | Reached XP level 3. HP: 4/24 MP: 3/3
  1658 | D:2      | Reached XP level 4. HP: 22/29 MP: 4/4
  2025 | D:3      | Found an ornate altar of the Wu Jian Council.
  2045 | D:3      | Became a worshipper of the Wu Jian Council
  2445 | D:3      | Found a snail-covered altar of Cheibriados.
  2473 | D:3      | Reached XP level 5. HP: 13/33 MP: 5/5
  2801 | D:3      | Found a shimmering blue altar of Sif Muna.
  2826 | D:3      | Killed from afar by an orc priest

Illustrated notes

Levels and vault maps discovered:
D:1:      dpeg_arrival_stone_temple_mockup, layout_loops_corners,
          dreamdust_ecumenical_altar_grove, serial_shops,
          nicolae_shop_advertising_works [nicolae_subvault_shop_adworks]
D:2:      layout_basic
D:3:      layout_loops_cross, nicolae_overflow_quartered_altars,
          mainiacjoe_overflow_tiny_flanked, minmay_puff, uniq_crazy_yiuf_cottage

Skill      XL: |  1  2  3  4  5 |
---------------+----------------+-----
Fighting       | 4 |  4.2
Maces & Flails | 3 |  3.2
Armour         | 4 |  4.1
Shields        | 4 |  4.0
Dodging        | |  0.5

Action                   |  1- 3 |  4- 6 || total
-------------------------+-------+-------++-------
Melee: Flail             |    97 |    80 ||   177
Invok: Lunge             |       |     3 ||     3
  Use: Scroll            |     2 |       ||     2
Armor: Scale mail        |    54 |    41 ||    95
Dodge: Dodged            |    41 |    31 ||    72
Block: Buckler           |    31 |    15 ||    46

Table legend: (Time is in decaauts)
 A = Elapsed time spent in this place.
 B = Non-inter-level travel time spent in this place.
 C = Inter-level travel time spent in this place.
 D = Time resting spent in this place.
 E = Time spent auto-exploring this place.
 F = Levels seen in this place.
 G = Mean time per level.
                   A        B        C        D        E       F      G
               +--------+--------+--------+--------+--------+-----+--------+
         Total |   2880 |   2840 |     40 |      0 |   2002 |   3 |  960.0 |
       Dungeon |   2880 |   2840 |     40 |      0 |   2002 |   3 |  960.0 |
               +--------+--------+--------+--------+--------+-----+--------+

Top non-repeatable levels by time:
     D:2: 1070 daAuts
     D:1: 961 daAuts
     D:3: 848 daAuts
